Map: Acid Plant LE

Players

JonSnow - Winner!

  • Race: Zerg Zerg
  • Spawn Location: 5:00

Yarion

  • Race: Protoss Protoss
  • Spawn Location: 11:00

Event: WCS Leipzig 2018

VOD

Have the link to the VOD?

Description

Time

  • Played on: Jan. 26, 2018, 6:28 a.m.
  • Length: 8:15

All games in this series

Show
View Real Time Build Order
Export as new Build Order

JonSnow Zerg - Winner!

Build Orders: Hatch First 

Get SALT Encoding   

  12  0:01  Drone  
  13  0:12  Overlord  
  13  0:21  Drone  
  14  0:35  Drone x3  
  17  0:56  Hatchery  
  16  0:59  Drone  
  16  1:00  Drone  
  18  1:09  Extractor  
  17  1:19  Spawning Pool  
  17  1:21  Drone x2  
  18  1:37  Drone  
  19  1:42  Drone, Extractor  
  19  1:57  Drone  
  21  2:04  Drone  
  21  2:08  Queen  
  24  2:09  Queen  
  24  2:10  Zergling x2  
  24  2:14  Overlord  
  27  2:20  Drone  
  28  2:25  Metabolic Boost  
  28  2:49  Hatchery  
  27  2:51  Drone  
  27  2:52  Drone x4  
  27  2:55  Drone  
  33  3:02  Queen  
  33  3:03  Overlord  
  35  3:08  Drone  
  36  3:15  Overlord  
  36  3:21  Overlord  
  36  3:22  Drone x3  
  36  3:26  Drone x2  
  41  3:27  Drone  
  41  3:32  Drone  
  43  3:35  Drone  
  43  3:37  Queen  
  46  3:42  Overlord  
  46  3:47  Overlord  
  46  3:48  Drone  
  46  3:49  Drone  
  46  3:50  Drone  
  46  3:55  Zergling x2  
  50  3:57  Drone  
  51  4:04  Queen  
  51  4:06  Zergling x4  
  51  4:07  Spore Crawler  
  51  4:09  Spore Crawler  
  53  4:11  Spore Crawler  
  53  4:12  Drone  
  53  4:15  Drone x2  
  55  4:17  Drone  
  55  4:21  Lair  
  56  4:24  Extractor  
  56  4:25  Extractor  
  56  4:29  Zergling x2  
  56  4:30  Zergling x6  
  57  4:37  Zergling x2  
  57  4:38  Zergling x8  
  61  4:42  Drone x2  
  63  4:48  Overlord x2  
  63  4:53  Overlord  
  63  4:54  Drone x2  
  63  4:56  Drone  
  63  4:59  Overlord  
  66  5:05  Drone x4  
  69  5:09  Drone x2  
  69  5:10  Drone  
  69  5:12  Extractor  
  71  5:17  Overlord  
  71  5:20  Hydralisk Den  
  71  5:28  Drone x3  
  73  5:36  Zergling x12  
  79  5:44  Overlord  
  79  5:51  Muscular Augments  
  79  5:52  Hydralisk x6  
  79  5:57  Overseer  
  91  6:02  Hydralisk  
  93  6:05  Zergling x6  
  93  6:06  Zergling x8  
  93  6:09  Hydralisk  
  102  6:16  Hydralisk x2  
  102  6:17  Zergling x6  
  108  6:25  Hydralisk x2  
  112  6:32  Hydralisk x2  
  115  6:33  Zergling x2  
  115  6:37  Overlord x2  
  115  6:38  Overlord x2  
  116  6:47  Hydralisk x3  
  122  6:56  Hydralisk x2  
  126  7:04  Overlord  
  126  7:07  Hydralisk x2  
  130  7:12  Hydralisk  
  130  7:13  Zergling x2  
  130  7:14  Zergling x16  
  130  7:15  Zergling x2  
  142  7:32  Hydralisk x3  
  142  7:35  Hatchery  
  146  7:41  Hydralisk x3  
  146  7:42  Zergling x4  
  150  8:08  Evolution Chamber  
Show
View Real Time Build Order
Export as new Build Order

Yarion Protoss 

Build Orders: 1 Gate Expand, Oracle Opening 

Get SALT Encoding   

  12  0:00  Probe  
  13  0:12  Probe  
  14  0:20  Pylon  
  14  0:24  Probe  
  15  0:38  Gateway  
  15  0:41  Probe (Chrono Boost)  
  16  0:46  Assimilator  
  16  0:53  Probe (Chrono Boost)  
  17  1:02  Probe (Chrono Boost)  
  18  1:15  Probe (Chrono Boost)  
  19  1:22  Probe  
  20  1:34  Nexus  
  20  1:39  Probe  
  21  1:46  Cybernetics Core  
  21  1:53  Probe  
  22  1:54  Pylon  
  22  1:59  Assimilator  
  22  2:08  Probe  
  23  2:20  Probe  
  24  2:24  Stargate  
  24  2:28  Adept (Chrono Boost)  
  24  2:32  Probe  
  27  2:44  Warp Gate  
  27  2:47  Probe x2  
  29  2:51  Adept (Chrono Boost)  
  29  2:52  Pylon  
  31  2:59  Probe x2  
  33  3:06  Gateway  
  33  3:13  Twilight Council  
  33  3:14  Probe x2  
  35  3:23  Adept  
  37  3:34  Probe x2  
  39  3:35  Oracle (Chrono Boost)  
  42  3:41  Gateway  
  42  3:47  Shield Battery  
  42  4:00  Resonating Glaives (Chrono Boost)  
  42  4:02  Probe x2  
  44  4:15  Probe  
  44  4:17  Adept  
  44  4:21  Gateway  
  44  4:22  Pylon  
  44  4:23  Probe  
  47  4:35  Probe  
  47  4:36  Probe  
  42  4:47  Probe  
  42  4:49  Probe  
  42  4:51  Assimilator  
  44  4:54  Phoenix (Chrono Boost)  
  44  4:55  Assimilator  
  44  4:57  Pylon  
  46  5:10  Adept x2  
  46  5:13  Probe x2, Oracle  
  55  5:26  Probe x2  
  57  5:33  Adept x3  
  63  5:36  Blink  
  63  5:57  Probe  
  63  5:58  Probe  
  65  6:07  Adept x2  
  69  6:16  Pylon  
  69  6:42  Nexus  
  69  6:46  Probe x2  
  71  6:48  Stalker x3  
  77  6:56  Pylon  
  77  6:58  Pylon  
  77  7:00  Pylon  
  77  7:08  Probe  
  77  7:14  Probe  
  79  7:24  Stalker x3  
  85  7:32  Shield Battery  
  85  7:34  Forge  
  83  7:39  Robotics Facility  
  83  7:48  Shield Battery x2  
  69  7:59  Stalker  
  69  8:00  Stalker x2  
Tags
 
Add a new tag
Caveats
  • Supply blocks, unpowered buildings, or Contaminate may cause inaccurate times.
  • Supply counts are checked every 10 seconds.